 Dungeon Crawl Stone Soup version 0.9.0-15-g1b13fe2 character file.

110 tartakower the Covert (level 2, -6/14 HPs)
             Began as a Spriggan Assassin on Aug 24, 2011.
             Mangled by a worm (9 damage)
             ... on Level 7 of the Dungeon.
             The game lasted 00:03:08 (764 turns).

tartakower the Covert (Spriggan Assassin)            Turns: 764, Time: 00:03:08

HP  -6/14        AC  3     Str  7      XL: 2   Next: 76%
MP   3/3         EV 17     Int 12      God:
Gold 89          SH  0     Dex 17      Spells:  0 memorised,  1 level left

Res.Fire  : . . .   See Invis. : +   j - +2,+0 dagger
Res.Cold  : . . .   Warding    : . . c - +0 robe
Life Prot.: . . .   Conserve   : .   (shield restricted)
Res.Acid. : . . .   Res.Corr.  : .   (helmet restricted)
Res.Poison: .       Clarity    : .   d - +0 cloak
Res.Elec. : .       Spirit.Shd : .   (gloves unavailable)
Sust.Abil.: . .     Stasis     : .   (boots unavailable)
Res.Mut.  : .       Ctrl.Telep.: .   (no amulet)
Res.Rott. : .       Levitation : .   (no ring)
Saprovore : . . .   Ctrl.Flight: .   (no ring)

@: very slightly glowing, hasted, very quick, slightly resistant to hostile
enchantments, very stealthy
A: unfitting armour, see invisible, herbivore 3, speed 3, slow metabolism 3
a: no special abilities


You were on level 7 of the Dungeon.
You were not hungry.

You visited 1 branch of the dungeon, and saw 7 of its levels.

You collected 39 gold pieces.

Inventory:

Hand weapons
 a - a +2,+2 dagger (quivered)
 b - a +0 blowgun
 j - a +2,+0 dagger (weapon)
Missiles
 e - 10 poisoned +0 needles
 f - 3 curare-tipped +0 needles
Armour
 c - a +0 robe (worn)
 d - a +0 cloak (worn)
Magical devices
 n - a wand of fire (4) {unknown}
Scrolls
 i - a scroll of identify
 k - a scroll of teleportation
Potions
 g - a potion of porridge
 h - a potion of healing {unknown}
 l - a potion of agility {unknown}
Books
 m - a book of Changes

   Spells                             Type                      Level
   Fulsome Distillation               Transmutation/Necromancy     1
   Sticks to Snakes                   Transmutation                2
   Evaporate                          Fire/Transmutation           2
   Spider Form                        Transmutation/Poison         3
   Ice Form                           Ice/Transmutation            4
   Blade Hands                        Transmutation                5


   Skills:
 - Level 2 Fighting
 - Level 2 Short Blades
 - Level 2 Throwing
 - Level 2 Dodging
 + Level 8 Stealth
 - Level 3 Stabbing


You had one spell level left.
You didn't know any spells.

Dungeon Overview and Level Annotations

Branches:
Dungeon (7/27)
 Temple: D:4-7          Orc: D:6-11

Altars:


Innate Abilities, Weirdness & Mutations

You are tiny and cannot use many weapons and most armour.
You have supernaturally acute eyesight.
You are a herbivore.
You cover ground extremely quickly.
You need consume almost no food.


Message History

Drink which item? (? for menu, Esc to quit)
Okay, then.
A killer bee comes into view.
A water moccasin skeleton comes into view.
Found a fluorescent wand.
A giant mite comes into view.
You see here a fluorescent wand.
n - a fluorescent wand
Found a scroll labeled QOKHICL SKOUDOA.
Found a scroll labeled LINIEH EDUM.
You see here a scroll labeled QOKHICL SKOUDOA.
A bat skeleton comes into view.
Found a stone staircase leading up.
A worm comes into view.
An orc comes into view.
The orc shouts!
You hit the worm, but do no damage. The worm bites you!
Ouch! That really hurt!
You die...

####### #######
#.....# #......
#.....##### #......
#.@oz.....###......
## ...
#.w...###...#......
k..z.....
.........#
###.#...... # ..[..
####.....#
#...z.... # .....
#.....# ###......
... #####.# ###.###
... #.# #.## #.#
#.# #..# #.# #.#
###.##


You could see a worm, an orc and a bat skeleton.

Vanquished Creatures
  A snake (D:4)
  A goblin (D:1)
  2 hobgoblins
  A giant newt (D:3)
  5 kobolds
  An orc skeleton (D:4)
  2 rats
13 creatures vanquished.

Vanquished Creatures (others)
  A giant gecko (D:6)
1 creature vanquished.

Grand Total: 14 creatures vanquished

Notes
Turn   | Place    | Note
--------------------------------------------------------------
     0 | D:1      | tartakower, the Spriggan Assassin, began the quest for the Orb.
     0 | D:1      | Reached XP level 1. HP: 10/10 MP: 1/1
   197 | D:2      | Reached skill level 6 in Stealth
   222 | D:3      | Reached XP level 2. HP: 11/14 MP: 3/3
   232 | D:3      | Noticed Ijyb
   507 | D:4      | Reached skill level 7 in Stealth
   535 | D:4      | Reached skill level 8 in Stealth
   586 | D:5      | Entered Level 5 of the Dungeon
   586 | D:5      | Noticed Blork the orc
   764 | D:7      | Mangled by a worm
